 Dungeon Crawl Stone Soup version 0.31-a0-765-g67fe2935dc (webtiles) character file.

Game seed: 14864984650222509882

39 cforsyth the Sneak (level 3, -2/31 HPs)
             Began as a Djinni Delver on Sept 15, 2023.
             Slain by a black bear (7 damage)
             ... on level 4 of the Dungeon.
             The game lasted 00:00:44 (144 turns).

cforsyth the Sneak (Djinni Delver)                   Turns: 144, Time: 00:00:45

Health: -2/31      AC:  3    Str: 11    XL:     3   Next: 70%
Gold:   9          EV: 12    Int: 13    God:
                   SH:  0    Dex: 14

rFire   + + .        a - +0 falchion
rCold   x . .        (no shield)
rNeg    . . .        b - +0 leather armour
rPois   ∞            (no helmet)
rElec   .            (no cloak)
rCorr   .            (no gloves)
SInv    .            (boots unavailable)
Will    .....        (no amulet)
Stlth   ++           (no ring)
HPRegen 0.25/turn    (no ring)
MPRegen 0.00/turn

%: infuse magic (-3 HP)
@: flying, hasted, very quick
A: sickness immunity, fire resistance 2, cold vulnerability 1, float, innate
caster, HP casting, extra vitality 1
a: no special abilities


You were on level 4 of the Dungeon.
You visited 1 branch of the dungeon, and saw 2 of its levels.

You collected 9 gold pieces.

Inventory:

Hand Weapons
 a - a +0 falchion (weapon)
Armour
 b - a +0 leather armour (worn)
Wands
 g - a wand of digging (3)
Scrolls
 c - a scroll of fog
 d - a scroll of revelation


   Skills:
 + Level 3.7 Fighting
 - Level 1.7 Long Blades
 - Level 2.1 Dodging
 - Level 4.1 Stealth
 + Level 1.4 Spellcasting
 + Level 1.4 Conjurations
 + Level 1.4 Hexes
   Level 0.0 Charms
 + Level 1.4 Summonings
 + Level 1.4 Necromancy
 + Level 1.4 Translocations
 + Level 1.4 Transmutations
 + Level 1.4 Fire Magic
 + Level 1.4 Ice Magic
 + Level 1.4 Air Magic
 + Level 1.4 Earth Magic
 + Level 1.4 Poison Magic


You knew the following spells:

 Your Spells              Type           Power      Damage    Failure   Level
a - Apportation           Tloc           8%         N/A       21%         1
Your spell library was empty.

Dungeon Overview and Level Annotations

Branches:
Dungeon (5/15)
 Temple: D:4-7

Altars:

Annotations:
D:4 Blork the orc, Sigmund


Innate Abilities, Weirdness & Mutations

You are immune to sickness and miasma.
You are immune to poison.
Your flesh is very heat resistant. (rF++)
You are vulnerable to cold. (rC-)
You float through the air rather than walking.
You learn spells naturally, not from books.
Your magical power is your life essence.
You have superior vitality. (+4 MHP)


Message History

The goblin attacks as it pursues you! The goblin hits you but does no damage.
You hit the goblin.
You kill the goblin!
You feel yourself speed up.
You hit the black bear but do no damage.
The black bear barely misses you.
The black bear claws you but does no damage. x2
You hit the black bear.
The black bear is lightly wounded.
You hit the black bear.
The black bear is lightly wounded.
The black bear closely misses you. The black bear claws you. x2
You hit the black bear.
The black bear is lightly wounded.
The black bear bites you. The black bear claws you.
The black bear barely misses you.
You closely miss the black bear.
The black bear is lightly wounded.
The black bear bites you but does no damage.
The black bear claws you but does no damage.
The black bear closely misses you.
You hit the black bear.
The black bear is moderately wounded.
The black bear closely misses you. The black bear claws you. x2
You hit the black bear.
The black bear is moderately wounded.
The black bear bites you. The black bear closely misses you.
The black bear barely misses you.
You barely miss the black bear.
The black bear is moderately wounded.
You closely miss the black bear.
The black bear is moderately wounded.
The black bear closely misses you. The black bear claws you.
* * * LOW HITPOINT WARNING * * *
The black bear claws you.
* * * LOW HITPOINT WARNING * * *
You barely miss the black bear.
The black bear is moderately wounded.
The black bear bites you!
You die...

#.... ..... ......
#########
.........###.......#
#........ .........#
#..$h...# #.......#
#....... ##.......#
##).... #........#
.##..)#####.w..h@..#
.####.<.....########
........#####
........# ........#
........# ........#
#########


You could see a black bear and a dart slug.

Vanquished Creatures
  A hound (D:5)
  An adder (D:5)
  A goblin (D:4)
  A kobold (D:4)
4 creatures vanquished.

Notes
Turn   | Place    | Note
-------+----------+-------------------------------------------
     0 | D:5      | cforsyth the Djinni Delver began the quest for the Orb.
     0 | D:5      | Reached XP level 1. HP: 20/20 MP: 0/0
    30 | D:5      | Reached XP level 2. HP: 21/25 MP: 0/0
    70 | D:5      | Reached skill level 1 in Spellcasting
    70 | D:5      | Reached skill level 1 in Conjurations
    70 | D:5      | Reached skill level 1 in Hexes
    70 | D:5      | Reached skill level 1 in Summonings
    70 | D:5      | Reached skill level 1 in Necromancy
    70 | D:5      | Reached skill level 1 in Translocations
    70 | D:5      | Reached skill level 1 in Transmutations
    70 | D:5      | Reached skill level 1 in Fire Magic
    70 | D:5      | Reached skill level 1 in Ice Magic
    70 | D:5      | Reached skill level 1 in Air Magic
    70 | D:5      | Reached skill level 1 in Earth Magic
    70 | D:5      | Reached skill level 1 in Poison Magic
    70 | D:5      | Reached XP level 3. HP: 30/31 MP: 0/0
    70 | D:5      | Learned a level 1 spell: Apportation
    96 | D:4      | Noticed Sigmund
    97 | D:4      | Noticed a scorpion
    97 | D:4      | Noticed Blork the orc
   119 | D:4      | Noticed a black bear
   144 | D:4      | Slain by a black bear

Illustrated notes

Levels and vault maps discovered:
D:4:      layout_rooms, nicolae_ossuary_entry_monument, uniq_blork_the_orc,
          uniq_sigmund
D:5:      layout_cave_pools, minmay_temple_entry_large_hall, hex_medium

Skill      XL: |  1  2 |
---------------+-------+-----
Spellcasting   | 1 |  1.4
Conjurations   | 1 |  1.4
Hexes          | 1 |  1.4
Summonings     | 1 |  1.4
Necromancy     | 1 |  1.4
Translocations | 1 |  1.4
Transmutations | 1 |  1.4
Fire Magic     | 1 |  1.4
Ice Magic      | 1 |  1.4
Air Magic      | 1 |  1.4
Earth Magic    | 1 |  1.4
Poison Magic   | 1 |  1.4
Fighting       | |  3.7
Long Blades    | |  1.7
Dodging        | |  2.1
Stealth        | |  4.1

Action                     || total
---------------------------++-------
  Melee: Falchion          ||    26
    Use: Scroll            ||     1
         Potion            ||     1
 Armour: Leather armour    ||    30
  Dodge: Dodged            ||    19

Table legend: (Time is in decaauts)
 A = Elapsed time spent in this place.
 B = Non-inter-level travel time spent in this place.
 C = Inter-level travel time spent in this place.
 D = Time resting spent in this place.
 E = Time spent auto-exploring this place.
 F = Levels seen in this place.
 G = Mean time per level.
                   A        B        C        D        E       F      G
               +--------+--------+--------+--------+--------+-----+--------+
         Total |    146 |    146 |      0 |      0 |     51 |   2 |   73.0 |
       Dungeon |    146 |    146 |      0 |      0 |     51 |   2 |   73.0 |
               +--------+--------+--------+--------+--------+-----+--------+

Top non-repeatable levels by time:
     D:5: 98 daAuts
     D:4: 47 daAuts
